SL
BUCKHEAD BOWTIES @ FT. WORTH CATTLEMEN
09/04/2041
 
TOP OF THE 1ST
Buckhead Bowties batting - Pitching for Ft. Worth Cattlemen : LHP Allen Werner
Pitching: LHP Allen Werner
Batting: SHB Silvio Capitanio 0-0: Foul Ball, location: 2F
0-1: Ball
1-1: Foul Ball, location: 2F
1-2: DOUBLE (Line Drive, 7LS, EV 100.6 MPH)
Batting: RHB Hugh Mungus 0-0: Ball
1-0: Ball
2-0: Called Strike
2-1: Ball
3-1: Foul Ball, location: 2F
3-2: Strikes out swinging
Batting: LHB Jesús Encarnación 0-0: Ball
1-0: Ball
2-0: Called Strike
2-1: Ground out 1-3 (Groundball, P, EV 63.8 MPH)
Silvio Capitanio to third
Batting: LHB Spencer Powell 0-0: Ball
1-0: Ground out U3 (Groundball, 3, EV 88.1 MPH)
Top of the 1st over - 0 runs, 1 hit, 0 errors, 1 left on base; Buckhead 0 - Ft. Worth 0
BOTTOM OF THE 1ST
Ft. Worth Cattlemen batting - Pitching for Buckhead Bowties : LHP Jong-yong Ha
Pitching: LHP Jong-yong Ha
Batting: RHB Dennis Wacher 0-0: Ground out 6-3 (Groundball, 6, EV 102.5 MPH)
Batting: RHB Tsuneari Hirano 0-0: Called Strike
0-1: Swinging Strike
0-2: Ground out 1-3 (Groundball, 34S, EV 78.8 MPH)
Batting: RHB Derek Bangert 0-0: Foul Ball, location: 2F
0-1: Foul Ball, location: 2F
0-2: Foul Ball, location: 2F
0-2: Ball
1-2: Strikes out looking
Bottom of the 1st over - 0 runs, 0 hits, 0 errors, 0 left on base; Buckhead 0 - Ft. Worth 0
TOP OF THE 2ND
Buckhead Bowties batting - Pitching for Ft. Worth Cattlemen : LHP Allen Werner
Batting: LHB Marcus Shill 0-0: Ball
1-0: Foul Ball, location: 2F
1-1: Swinging Strike
1-2: Strikes out looking
Batting: LHB Charles Godard 0-0: Called Strike
0-1: Ball
1-1: Ground out 6-3 (Groundball, 56, EV 90.6 MPH)
Batting: RHB Félix Fernández 0-0: Called Strike
0-1: Ball
1-1: Ball
2-1: DOUBLE (Line Drive, 3D, EV 96.9 MPH)
Batting: LHB Jared Schneider 0-0: Ball
1-0: Called Strike
1-1: Foul Ball, location: 2F
1-2: Strikes out swinging
Top of the 2nd over - 0 runs, 1 hit, 0 errors, 1 left on base; Buckhead 0 - Ft. Worth 0
BOTTOM OF THE 2ND
Ft. Worth Cattlemen batting - Pitching for Buckhead Bowties : LHP Jong-yong Ha
Batting: LHB Semo Hoaloha 0-0: Called Strike
0-1: Called Strike
0-2: Ball
1-2: SOLO HOME RUN (Flyball, 9D, EV 92.5 MPH), Distance : 371 ft
Batting: RHB Min-gook Ch'oe 0-0: Fly out, F9 (Flyball, 9LD, EV 98.8 MPH)
Batting: RHB Lonnie Doble 0-0: Ball
1-0: Ball
2-0: Ball
3-0: Called Strike
3-1: Called Strike
3-2: DOUBLE (Flyball, 78XD, EV 108.1 MPH)
Batting: LHB Craig Woods 0-0: Foul Ball, location: 2F
0-1: Ball
1-1: Foul Ball, location: 2F
1-2: Ball
2-2: Ball
3-2: Fly out, F9 (Flyball, 9D, EV 105.0 MPH)
Batting: RHB Scotty Glenn 0-0: Called Strike
0-1: SINGLE (Groundball, 56, EV 89.4 MPH) (infield hit)
Lonnie Doble to third
Batting: LHB Blake Browning 0-0: Called Strike
0-1: Ball
1-1: Ball
2-1: Foul Ball, location: 2F
2-2: Foul Ball, location: 2F
2-2: Hit by Pitch
Scotty Glenn to second
Batting: RHB Dennis Wacher 0-0: Ball
1-0: Called Strike
1-1: Ball
2-1: Foul Ball, location: 2F
2-2: Strikes out swinging
Bottom of the 2nd over - 1 run, 3 hits, 0 errors, 3 left on base; Buckhead 0 - Ft. Worth 1
TOP OF THE 3RD
Buckhead Bowties batting - Pitching for Ft. Worth Cattlemen : LHP Allen Werner
Batting: RHB Juan Barrón 0-0: Ball
1-0: Foul Ball, location: 2F
1-1: SINGLE (Groundball, 2L, EV 63.1 MPH) (infield hit)
Batting: SHB Silvio Capitanio 0-0: Called Strike
0-1: Ball
1-1: Ball
2-1: Called Strike
2-2: Ground out 6-3 (Groundball, 6, EV 88.1 MPH)
Juan Barrón to second
Batting: RHB Hugh Mungus 0-0: Called Strike
0-1: Ball
1-1: Swinging Strike
1-2: Ball
2-2: Ball
3-2: Strikes out swinging
Batting: LHB Jesús Encarnación 0-0: Ball
1-0: DOUBLE (Groundball, 3L, EV 103.8 MPH)
Juan Barrón scores
Batting: LHB Spencer Powell 0-0: Ball
1-0: Ball
2-0: Ground out 1-3 (Groundball, 15, EV 80.0 MPH)
Top of the 3rd over - 1 run, 2 hits, 0 errors, 1 left on base; Buckhead 1 - Ft. Worth 1
BOTTOM OF THE 3RD
Ft. Worth Cattlemen batting - Pitching for Buckhead Bowties : LHP Jong-yong Ha
Batting: RHB Tsuneari Hirano 0-0: Called Strike
0-1: Ball
1-1: Ball
2-1: Fly out, F7 (Flyball, 7, EV 80.6 MPH)
Batting: RHB Derek Bangert 0-0: Ball
1-0: Called Strike
1-1: Fly out, F8 (Flyball, 89M, EV 79.4 MPH)
Batting: LHB Semo Hoaloha 0-0: Fly out, F7 (Flyball, 78D, EV 101.2 MPH)
Bottom of the 3rd over - 0 runs, 0 hits, 0 errors, 0 left on base; Buckhead 1 - Ft. Worth 1
TOP OF THE 4TH
Buckhead Bowties batting - Pitching for Ft. Worth Cattlemen : LHP Allen Werner
Batting: LHB Marcus Shill 0-0: Ball
1-0: Ground out 4-3 (Groundball, 34, EV 82.5 MPH)
Batting: LHB Charles Godard 0-0: Ball
1-0: Ground out 5-3 (Groundball, 5, EV 102.5 MPH)
Batting: RHB Félix Fernández 0-0: Ball
1-0: Fly out, F8 (Flyball, 8LM, EV 85.0 MPH)
Top of the 4th over - 0 runs, 0 hits, 0 errors, 0 left on base; Buckhead 1 - Ft. Worth 1
BOTTOM OF THE 4TH
Ft. Worth Cattlemen batting - Pitching for Buckhead Bowties : LHP Jong-yong Ha
Batting: RHB Min-gook Ch'oe 0-0: Called Strike
0-1: Ball
1-1: Ball
2-1: Foul Ball, location: 2F
2-2: Foul Ball, location: 2F
2-2: SINGLE (Line Drive, 7S, EV 95.0 MPH)
Batting: RHB Lonnie Doble 0-0: Ball
1-0: Fly out, F5 (Popup, 25, EV 85.0 MPH)
Batting: LHB Craig Woods 0-0: Ball
1-0: Foul Ball, location: 2F
1-1: Ball
2-1: SINGLE (Groundball, 4D, EV 103.8 MPH)
Min-gook Ch'oe to second
Batting: RHB Scotty Glenn 0-0: Ball
1-0: Grounds into double play, 5-4-3 (Groundball, 56S, EV 88.1 MPH)
Bottom of the 4th over - 0 runs, 2 hits, 0 errors, 1 left on base; Buckhead 1 - Ft. Worth 1
TOP OF THE 5TH
Buckhead Bowties batting - Pitching for Ft. Worth Cattlemen : LHP Allen Werner
Batting: LHB Jared Schneider 0-0: Fly out, F9 (Line Drive, 9, EV 90.6 MPH)
Batting: RHB Juan Barrón 0-0: Fly out, F5 (Line Drive, 5, EV 68.1 MPH)
Batting: SHB Silvio Capitanio 0-0: Called Strike
0-1: Hit by Pitch
Batting: RHB Hugh Mungus 0-0: Ball
1-0: Foul Ball, location: 2F
1-1: Ball
2-1: 2-RUN HOME RUN (Line Drive, 78XD, EV 102.5 MPH), Distance : 413 ft
Batting: LHB Jesús Encarnación 0-0: Ball
1-0: Fly out, F7 (Flyball, 7D, EV 79.4 MPH)
Top of the 5th over - 2 runs, 1 hit, 0 errors, 0 left on base; Buckhead 3 - Ft. Worth 1
BOTTOM OF THE 5TH
Ft. Worth Cattlemen batting - Pitching for Buckhead Bowties : LHP Jong-yong Ha
Batting: LHB Blake Browning 0-0: Called Strike
0-1: Fly out, F8 (Flyball, 8LD, EV 82.5 MPH)
Batting: RHB Dennis Wacher 0-0: Foul Ball, location: 2F
0-1: Ball
1-1: SINGLE (Line Drive, 9S, EV 103.8 MPH)
Batting: RHB Tsuneari Hirano 0-0: Foul Ball, location: 2F
0-1: Ball
1-1: Foul Ball, location: 2F
1-2: Fly out, F9 (Flyball, 9LMF, EV 85.0 MPH)
Batting: RHB Derek Bangert 0-0: Called Strike
0-1: Ball
1-1: Ball
2-1: Called Strike
2-2: Strikes out swinging
Bottom of the 5th over - 0 runs, 1 hit, 0 errors, 1 left on base; Buckhead 3 - Ft. Worth 1
TOP OF THE 6TH
Buckhead Bowties batting - Pitching for Ft. Worth Cattlemen : LHP Allen Werner
Batting: LHB Spencer Powell 0-0: Called Strike
0-1: Fly out, F9 (Flyball, 9LM, EV 100.0 MPH)
Batting: LHB Marcus Shill 0-0: Ball
1-0: Ball
2-0: Ball
3-0: Foul Ball, location: 2F
3-1: Base on Balls
Batting: LHB Charles Godard 0-0: Swinging Strike
0-1: Swinging Strike
0-2: Ball
1-2: Ball
2-2: Ball
3-2: Foul Ball, location: 2F
3-2: Strikes out swinging
Pitching: RHP Tom Scots
Batting: RHB Félix Fernández 0-0: Ball
1-0: Ball
2-0: SINGLE (Line Drive, 8LS, EV 100.6 MPH)
Marcus Shill to second
Batting: LHB Jared Schneider 0-0: Called Strike
0-1: DOUBLE (Flyball, 9LD, EV 103.1 MPH)
Marcus Shill scores
Félix Fernández to third
Batting: RHB Juan Barrón 0-0: Swinging Strike
0-1: Called Strike
0-2: Foul Ball, location: 2F
0-2: Ground out 6-3 (Groundball, 6M, EV 106.9 MPH)
Top of the 6th over - 1 run, 2 hits, 0 errors, 2 left on base; Buckhead 4 - Ft. Worth 1
BOTTOM OF THE 6TH
Ft. Worth Cattlemen batting - Pitching for Buckhead Bowties : LHP Jong-yong Ha
Batting: LHB Semo Hoaloha 0-0: Ball
1-0: SINGLE (Line Drive, 89M, EV 110.0 MPH)
Batting: RHB Min-gook Ch'oe 0-0: Foul Ball, location: 2F
0-1: Foul Ball, location: 2F
0-2: Strikes out looking
Batting: RHB Lonnie Doble 0-0: Ball
1-0: Foul Ball, location: 2F
1-1: Fly out, F8 (Flyball, 8LXD, EV 101.9 MPH)
Batting: LHB Craig Woods 0-0: Ball
1-0: Ball
2-0: Ball
3-0: Called Strike
3-1: Foul Ball, location: 2F
3-2: Fly out, F5 (Popup, 56, EV 75.0 MPH)
Bottom of the 6th over - 0 runs, 1 hit, 0 errors, 1 left on base; Buckhead 4 - Ft. Worth 1
TOP OF THE 7TH
Buckhead Bowties batting - Pitching for Ft. Worth Cattlemen : RHP Tom Scots
Batting: SHB Silvio Capitanio 0-0: Ball
1-0: Ball
2-0: SINGLE (Groundball, 6M, EV 103.8 MPH) (infield hit)
Batting: RHB Hugh Mungus 0-0: Called Strike
0-1: Ball
1-1: Ball
2-1: Ball
3-1: Fly out, F8 (Flyball, 78D, EV 95.6 MPH)
Batting: LHB Jesús Encarnación 0-0: Ball
1-0: Ball
Silvio Capitanio steals 2nd base
2-0: Intentional Walk
Pitching: RHP Ignacio Uribe
Batting: LHB Spencer Powell 0-0: Called Strike
0-1: Ball
1-1: Ball
2-1: Called Strike
2-2: SINGLE (Flyball, 9S, EV 93.1 MPH)
Silvio Capitanio to third
Jesús Encarnación to second
Batting: LHB Marcus Shill 0-0: Swinging Strike
0-1: Foul Ball, location: 2F
0-2: Ball
1-2: Ball
2-2: SINGLE (Groundball, 34, EV 107.5 MPH) (infield hit)
Silvio Capitanio scores
Jesús Encarnación to third
Spencer Powell to second
Batting: LHB Charles Godard 0-0: Ball
1-0: Grounds into double play, 5-4-3 (Groundball, 56, EV 87.5 MPH)
Top of the 7th over - 1 run, 3 hits, 0 errors, 2 left on base; Buckhead 5 - Ft. Worth 1
BOTTOM OF THE 7TH
Ft. Worth Cattlemen batting - Pitching for Buckhead Bowties : LHP Jong-yong Ha
Batting: RHB Scotty Glenn 0-0: Ball
1-0: Swinging Strike
1-1: Ball
2-1: Ground out 5-3 (Groundball, 56S, EV 81.9 MPH)
Pitching: LHP Jorge Oyas
Batting: LHB Blake Browning 0-0: Ball
1-0: Ball
2-0: Ball
3-0: Base on Balls
Batting: RHB Dennis Wacher 0-0: Called Strike
0-1: Grounds into double play, 5-4-3 (Groundball, 56, EV 100.6 MPH)
Bottom of the 7th over - 0 runs, 0 hits, 0 errors, 0 left on base; Buckhead 5 - Ft. Worth 1
TOP OF THE 8TH
Buckhead Bowties batting - Pitching for Ft. Worth Cattlemen : RHP Ignacio Uribe
Batting: RHB Félix Fernández 0-0: Called Strike
0-1: Foul Ball, location: 2F
0-2: Ball
1-2: Ball
2-2: Ground out 5-3 (Groundball, 56S, EV 90.6 MPH)
Batting: LHB Jared Schneider 0-0: Ball
1-0: Ball
2-0: Ball
3-0: Base on Balls
Batting: RHB Juan Barrón 0-0: Foul Ball, location: 2F
0-1: Ball
1-1: Swinging Strike
1-2: Strikes out swinging
Batting: SHB Silvio Capitanio 0-0: Ball
Jared Schneider is caught stealing 2nd base 2-6
Top of the 8th over - 0 runs, 0 hits, 0 errors, 0 left on base; Buckhead 5 - Ft. Worth 1
BOTTOM OF THE 8TH
Ft. Worth Cattlemen batting - Pitching for Buckhead Bowties : LHP Jorge Oyas
Batting: RHB Tsuneari Hirano 0-0: Called Strike
0-1: Called Strike
0-2: Ball
1-2: Ball
2-2: Foul Ball, location: 2F
2-2: Ball
3-2: Foul Ball, location: 2F
3-2: Ground out 6-3 (Groundball, 6, EV 92.5 MPH)
Batting: RHB Derek Bangert 0-0: Swinging Strike
0-1: Fly out, F3 (Popup, 3SF, EV 66.9 MPH)
Batting: LHB Semo Hoaloha 0-0: Foul Ball, location: 2F
0-1: Ball
1-1: Called Strike
1-2: DOUBLE (Line Drive, 89M, EV 107.5 MPH)
Batting: RHB Min-gook Ch'oe 0-0: Called Strike
0-1: Foul Ball, location: 2F
0-2: Ground out 5-3 (Groundball, 56, EV 79.4 MPH)
Bottom of the 8th over - 0 runs, 1 hit, 0 errors, 1 left on base; Buckhead 5 - Ft. Worth 1
TOP OF THE 9TH
Buckhead Bowties batting - Pitching for Ft. Worth Cattlemen : RHP Ignacio Uribe
Batting: SHB Silvio Capitanio 0-0: Ball
1-0: Foul Ball, location: 2F
1-1: Fly out, F5 (Line Drive, 5, EV 62.5 MPH)
Batting: RHB Hugh Mungus 0-0: Ball
1-0: Called Strike
1-1: Ball
2-1: Swinging Strike
2-2: Strikes out looking
Batting: LHB Jesús Encarnación 0-0: Ball
1-0: Called Strike
1-1: Ball
2-1: Foul Ball, location: 2F
2-2: Ball
3-2: Base on Balls
Pitching: RHP Dragutin Petrovic
Batting: LHB Spencer Powell 0-0: Foul Ball, location: 2F
0-1: Ball
1-1: Swinging Strike
1-2: Ball
2-2: DOUBLE (Line Drive, 9LM, EV 106.9 MPH)
Jesús Encarnación to third
Batting: LHB Marcus Shill 0-0: Foul Ball, location: 2F
0-1: 3-RUN HOME RUN (Flyball, 9D, EV 94.4 MPH), Distance : 385 ft
Batting: LHB Charles Godard 0-0: Swinging Strike
0-1: Ball
1-1: Ground out 4-3 (Groundball, 4, EV 93.8 MPH)
Top of the 9th over - 3 runs, 2 hits, 0 errors, 0 left on base; Buckhead 8 - Ft. Worth 1
BOTTOM OF THE 9TH
Ft. Worth Cattlemen batting - Pitching for Buckhead Bowties : LHP Jorge Oyas
Batting: RHB Lonnie Doble 0-0: Called Strike
0-1: Ball
1-1: Foul Ball, location: 2F
1-2: Fly out, F8 (Flyball, 78M, EV 89.4 MPH)
Batting: LHB Craig Woods 0-0: Foul Ball, location: 2F
0-1: Foul Ball, location: 2F
0-2: Strikes out swinging
Batting: RHB Scotty Glenn 0-0: Ball
1-0: Ball
2-0: SINGLE (Flyball, 89M, EV 91.2 MPH)
Batting: LHB Blake Browning 0-0: SINGLE (Groundball, 34D, EV 103.1 MPH)
Scotty Glenn to second
Batting: RHB Dennis Wacher 0-0: Ground out 1-3 (Groundball, 13S, EV 70.0 MPH)
Bottom of the 9th over - 0 runs, 2 hits, 0 errors, 2 left on base; Buckhead 8 - Ft. Worth 1
Tuesday, January 5th, 2021 - OOTP Baseball 20.8 Build 74